 Dungeon Crawl Stone Soup version 0.28-a0-175-gb2089b6bb7 (webtiles) character file.

Game seed: 10794614498972049107

751 Nattfarinn the Conjurer (level 7, 0/36 HPs)
             Began as a Spriggan Conjurer on Aug 17, 2021.
             Killed from afar by Dowan (10 damage)
             ... with a shard of ice
             ... on level 4 of the Dungeon.
             The game lasted 00:12:33 (4893 turns).

Nattfarinn the Conjurer (Spriggan Conjurer)         Turns: 4893, Time: 00:12:34

Health: 0/36       AC:  2    Str:  3    XL:     7   Next: 49%
Magic:  11/13      EV: 18    Int: 22    God:
Gold:   177        SH:  0    Dex: 13    Spells: 10/13 levels left

rFire   + . .      SeeInvis +   d - staff of fire
rCold   . . .      Faith    .   (shield currently unavailable)
rNeg    . . .      Spirit   .   a - +0 robe
rPois   .          Reflect  .   (helmet restricted)
rElec   .          Harm     .   (no cloak)
rCorr   .          Rampage  .   (gloves unavailable)
Will    +....                   (boots unavailable)
Stlth   ++........              (no amulet)
HPRegen 0.12/turn               (no ring)
MPRegen 0.13/turn               (no ring)

@: very quick
A: very small, no large weapons, unfitting armour, see invisible, speed 3
a: no special abilities


You were on level 4 of the Dungeon.
You visited 1 branch of the dungeon, and saw 4 of its levels.

You collected 177 gold pieces.

Inventory:

Hand Weapons
 r - a +1 dagger of protection
Missiles
 q - a throwing net
Armour
 a - a +0 robe (worn)
Magical Staves
 d - a staff of fire (weapon)
Wands
 n - a wand of flame (17)
Scrolls
 b - a scroll of immolation {unknown}
 c - a scroll of teleportation {unknown}
 e - 3 scrolls of brand weapon {unknown}
 g - a scroll of fog {unknown}
 h - a scroll of vulnerability {unknown}
 j - 2 scrolls of identify {unknown}
Potions
 f - 2 potions of curing {unknown}
 i - a potion of ambrosia {unknown}
 k - a potion of berserk rage {unknown}
 l - a potion of mutation {unknown}
 m - a potion of might {unknown}
 o - a potion of lignification {unknown}
 p - a potion of resistance {unknown}
 s - a potion of flight {unknown}


   Skills:
 * Level 3.1 Fighting
 - Level 5.2 Dodging
 - Level 3.0 Stealth
 - Level 3.9 Spellcasting
 + Level 5.4 Conjurations


You had 10 spell levels left.
You knew the following spells:

 Your Spells              Type           Power      Damage    Failure   Level
a - Magic Dart            Conj           100%       1d8       1%          1
b - Searing Ray           Conj           56%        3d5       1%          2

Your spell library contained the following spells:

 Spells                   Type           Power      Damage    Failure   Level
 Dazzling Flash           Conj/Hex       32%        N/A       11%         3
 Corona                   Hex            4%         N/A       12%         1
 Ensorcelled Hibernation  Hex/Ice        8%         N/A       17%         2
 Gell's Gravitas          Tloc           2%         N/A       34%         3
 Lesser Beckoning         Tloc           2%         N/A       34%         3
 Teleport Other           Tloc           4%         N/A       34%         3
 Tukima's Dance           Hex            4%         N/A       34%         3
 Fulminant Prism          Conj/Hex       8%         3d7       36%         4
 Iskenderun's Mystic Bla  Conj/Tloc      16%        2d5       36%         4


Dungeon Overview and Level Annotations

Branches:
Dungeon (4/15)
 Temple: D:4-7

Altars:
Okawaru

Shops:
D:4 ?

Annotations:
D:2 1 runed translucent door, Crazy Yiuf
D:4 Dowan


Innate Abilities, Weirdness & Mutations

You are very small and have problems with some larger weapons.
You are too small for most types of armour.
You have supernaturally acute eyesight. (SInv)
You cover ground extremely quickly. (Speed+++)


Message History

Duvessa is severely wounded.
You finish channeling your searing ray.
Duvessa misses you.
Casting: Searing Ray (safe; 1% risk of failure)
Confirm with . or Enter, or press ? or * to list all spells.
Aiming: Searing Ray (safe; 1% risk of failure)
Press: ? - help, Shift-Dir - straight line, f/p - Duvessa
Aim: Duvessa, wielding a +0 short sword and wearing a +0 leather armour (severely wounded, 82% to hit)
The searing ray hits Duvessa!
Duvessa is almost dead. (Press . to maintain the ray.) Duvessa barely misses you.
The searing ray hits Duvessa!
You kill Duvessa!
You hear a distant wail of despair.
Your Fighting skill increases to level 3!
Unknown command.
HP restored.
There is a stone staircase leading down here.
There is a stone staircase leading up here.
You climb upwards.
There is a stone staircase leading down here.
You start resting.
Magic restored.
You climb downwards.
Level annotation: Dowan
There is a stone staircase leading up here.
There is a stone staircase leading down here.
Dowan seems to find hidden reserves of power!
Dowan is nearby!
The magic dart hits Dowan.
Dowan is moderately wounded.
The magic dart hits Dowan.
Dowan is moderately wounded.
Dowan points at you and mumbles some strange words.
The shard of ice hits you!!
Ouch! That really hurt!
* * * LOW HITPOINT WARNING * * *
Dowan gestures at you while chanting. The shard of ice hits you!
You die...

≈≈.≈≈P.##.######.####
.P.#P..##.# #....#
####..###.# #>##.# #
#..###.#### #.##.# #
#.........# #.##.# #
#.####.##.# #.##.# #
#.# #.##.# #.##.# ...
#.##.# #.##.#
.###.##.##>###@##[#
.. #.....e........#
## #.#####.####..##
#.#####.##
######.#.##...#
.e....)(#..#.#.#
.......###.......#
#######. ..#.#.###
#.##...##


You could see Dowan (fast).

Vanquished Creatures
  Duvessa (D:4)
  A black bear (D:3)
  An ogre (D:4)
  A hound (D:2)
  A centaur skeleton (D:4)
  2 jellies (D:4)
  An iguana (D:4)
  Terence (D:3)
  Natasha (thrice) (D:2)
  An orc wizard (D:4)
  5 adders
  3 gnolls (D:4)
  4 worms
  7 dart slugs
  14 orcs
  4 ball pythons
  12 endoplasms
  2 giant cockroaches (D:3)
  4 goblins
  3 hobgoblins
  8 jackals
  7 bats
  2 frilled lizards (D:2)
  9 kobolds
  5 rats
102 creatures vanquished.

Vanquished Creatures (others)
  38 plants (D:4)
38 creatures vanquished.

Grand Total: 140 creatures vanquished

Notes
Turn   | Place    | Note
-------+----------+-------------------------------------------
     0 | D:1      | Nattfarinn the Spriggan Conjurer began the quest for the
                  | Orb.
     0 | D:1      | Reached XP level 1. HP: 9/9 MP: 5/5
   222 | D:1      | Reached XP level 2. HP: 13/13 MP: 4/6
   450 | D:1      | Learned a level 2 spell: Searing Ray
  1081 | D:1      | Reached XP level 3. HP: 16/16 MP: 5/8
  1338 | D:2      | Noticed Natasha
  1341 | D:2      | Killed Natasha
  1485 | D:2      | Found a runed translucent door.
  1486 | D:2      | Noticed Crazy Yiuf
  1595 | D:2      | Noticed Natasha
  1600 | D:2      | Killed Natasha
  1601 | D:2      | Reached XP level 4. HP: 21/21 MP: 1/10
  1936 | D:2      | Reached XP level 5. HP: 24/24 MP: 1/11
  2064 | D:2      | Noticed Natasha
  2096 | D:2      | Killed Natasha
  2097 | D:2      | Reached skill level 5 in Dodging
  2975 | D:3      | Noticed a black bear
  2984 | D:3      | Killed a black bear
  2985 | D:3      | Reached XP level 6. HP: 21/28 MP: 1/12
  3313 | D:3      | Found an iron altar of Okawaru.
  3318 | D:3      | Noticed Terence
  3334 | D:3      | Killed Terence
  4206 | D:4      | Reached skill level 5 in Conjurations
  4274 | D:4      | Reached skill level 1 in Fighting
  4387 | D:4      | Found Heiss's Magic Scroll Shoppe.
  4421 | D:4      | Reached XP level 7. HP: 35/35 MP: 5/13
  4782 | D:4      | Noticed Duvessa
  4784 | D:4      | Noticed Dowan
  4791 | D:4      | Killed Duvessa
  4893 | D:4      | Killed from afar by Dowan

Illustrated notes

Levels and vault maps discovered:
D:1:      amcnicky_arrival_gap_in_the_tavern_cellar, layout_basic
D:2:      layout_rooms, corexii_corridor_pit, grunt_decor_resistance,
          uniq_crazy_yiuf_cottage, uniq_natasha
D:3:      layout_rooms, mainiacjoe_overflow_chevrons, minmay_quantized,
          uniq_terence
D:4:      layout_loops_ring, serial_shops,
          nicolae_shop_temple_entry_statues_fountains, serial_bayou,
          serial_bayou_lake_a, serial_bayou_shore_b, serial_bayou_pond_c,
          serial_bayou_pond_c, serial_bayou_pond_b, serial_bayou_pond_e,
          kennysheep_generic_room_14, uniq_duvessa

Skill      XL: |  1  2  3  4  5  6  7 |
---------------+----------------------+-----
Conjurations   | 3 4 5 |  5.4
Dodging        | 3 4 5 |  5.2
Spellcasting   | 3 |  3.9
Fighting       | 2 3 |  3.1
Stealth        | |  3.0

Action                   |  1- 3 |  4- 6 |  7- 9 || total
-------------------------+-------+-------+-------++-------
Melee: Unarmed           |     2 |       |       ||     2
       Staff             |       |     2 |       ||     2
 Cast: Magic Dart        |    61 |   139 |    21 ||   221
       Searing Ray       |     5 |    16 |     2 ||    23
Armor: Robe              |     2 |     1 |     2 ||     5
Dodge: Dodged            |     7 |    32 |     4 ||    43

Table legend: (Time is in decaauts)
 A = Elapsed time spent in this place.
 B = Non-inter-level travel time spent in this place.
 C = Inter-level travel time spent in this place.
 D = Time resting spent in this place.
 E = Time spent auto-exploring this place.
 F = Levels seen in this place.
 G = Mean time per level.
                   A        B        C        D        E       F      G
               +--------+--------+--------+--------+--------+-----+--------+
         Total |   4055 |   3949 |    106 |    338 |   3097 |   4 | 1013.8 |
       Dungeon |   4055 |   3949 |    106 |    338 |   3097 |   4 | 1013.8 |
               +--------+--------+--------+--------+--------+-----+--------+

Top non-repeatable levels by time:
     D:2: 1413 daAuts
     D:3: 1131 daAuts
     D:1: 1053 daAuts
     D:4: 457 daAuts
